 Dungeon Crawl Stone Soup version 0.19.0-16-g73b5abf (webtiles) character file.

1037 kae the Conjurer (level 8, -3/41 HPs)
             Began as a Tengu Fire Elementalist on Nov 10, 2016.
             Slain by kroki's ghost (11 damage)
             ... on level 6 of the Dungeon.
             The game lasted 00:07:58 (6216 turns).

kae the Conjurer (Tengu Fire Elementalist)          Turns: 6216, Time: 00:07:58

Health: -3/41      AC:  2    Str: 10      XL:     8   Next: 24%
Magic:  5/16       EV: 12    Int: 17      God:
Gold:   259        SH:  0    Dex: 13 (14) Spells: 4 memorised, 5 levels left

rFire  . . .     SeeInvis .     f - +0 whip (drain)
rCold  . . .     Gourm    .     a - +0 robe
rNeg   . . .     Faith    .     (no shield)
rPois  .         Spirit   .     (helmet restricted)
rElec  .         Reflect  .     (no cloak)
rCorr  .         Harm     .     (no gloves)
MR     .....                    (boots unavailable)
Stlth  ++........               d - amulet of magic regeneration
                                (no ring)
                                y - ring of wizardry

@: lethally poisoned (-3 -> -10)
A: beak, talons 3, high mp 1, able to fly 1
a: Fly


You were on level 6 of the Dungeon.
You were near starving.

You visited 1 branch of the dungeon, and saw 6 of its levels.

You collected 259 gold pieces.

Inventory:

Hand Weapons
 f - a +0 whip of draining (weapon)
Armour
 a - a +0 robe (worn)
Jewellery
 d - an amulet of magic regeneration (around neck)
 y - a ring of wizardry (left hand)
Wands
 j - a wand of digging (10/24)
 q - a wand of digging (18/24)
Scrolls
 h - 2 scrolls of remove curse
 i - 2 scrolls of teleportation
 k - a scroll of enchant weapon {unknown}
 l - a scroll of random uselessness {unknown}
Potions
 e - 3 potions of brilliance
 g - a potion of lignification
 m - a potion of curing {unknown}
 o - a potion of heal wounds {unknown}
 p - a potion of haste
 t - a potion of cancellation
 v - a potion of might {unknown}
 x - a potion of agility {unknown}
Books
 b - a book of Flames

   Spells                             Type                      Level
   a - Flame Tongue                   Conjuration/Fire             1
   b - Throw Flame                    Conjuration/Fire             2
   c - Conjure Flame                  Conjuration/Fire             3
   d - Inner Flame                    Hexes/Fire                   3
   e - Sticky Flame                   Conjuration/Fire             4
   f - Fireball                       Conjuration/Fire             5
Comestibles
 c - 3 bread rations
 w - a meat ration


   Skills:
 - Level 2.1 Dodging
 - Level 2.0 Stealth
 + Level 4.0 Spellcasting
 * Level 7.8 Conjurations
 * Level 7.4 Fire Magic


You had 5 spell levels left.
You knew the following spells:

 Your Spells              Type           Power        Failure   Level  Hunger
a - Flame Tongue          Conj/Fire      ####.        1%          1    None
b - Throw Flame           Conj/Fire      ####..       1%          2    ##.....
c - Conjure Flame         Conj/Fire      ####....     1%          3    ###....
d - Sticky Flame          Conj/Fire      ####....     4%          4    ####...


Dungeon Overview and Level Annotations

Branches:
Dungeon (6/15)
 Temple: D:4-7

Altars:
Ashenzari
Ru
Xom

Annotations:
D:6 kroki's ghost, novice DgEE


Innate Abilities, Weirdness & Mutations

You have a beak for a mouth.
You have claws for feet.
You can fly.
You have an increased reservoir of magic. (+10% MP)


Message History

Aim: kroki's ghost, wielding a weapon of venom (flame, lightly damaged)
The sticky flame hits kroki's ghost.
Kroki's ghost completely resists.
Kroki's ghost is lightly damaged.
You are near starving!
You feel sick.
Kroki's ghost points at you and mumbles some strange words.
The rocky blast hits you!
* * * LOW HITPOINT WARNING * * *
Casting: Sticky Flame
Confirm with . or Enter, or press ? or * to list all spells.
Aiming: Flame Tongue
Press: ? - help, Shift-Dir - straight line, f/p - kroki's ghost
Aim: kroki's ghost, wielding a weapon of venom (flame, lightly damaged)
The flame tongue hits kroki's ghost.
Kroki's ghost completely resists.
Kroki's ghost is lightly damaged.
* * * LOW HITPOINT WARNING * * *
You feel sick.
Kroki's ghost is engulfed in roaring flames.
Kroki's ghost hits you!
You die...

######## .......####
######....########
######...........#
...##.......####.#######*
##[..[......# #........*
#####.......# #.######.*
# ##.....## #....# *,*
######....## #@##.# *,*
.......##.# #W##.###.#
#########+#* #........# #
**...** ####.##### #
**....)** *,# ##
**......$** **,**
.####.........****,,,**
....'.....!.W.',,,,,,,*
.####.........##**,,,**


You could see kroki's ghost.

Vanquished Creatures
  A sky beast (D:6)
  A phantom (D:4)
  An ogre (D:4)
  A bullfrog (D:6)
  A gnoll sergeant (D:5)
  A quasit (D:5)
  A centaur zombie (D:5)
  3 bullfrog skeletons
  A jelly (D:6)
  A centaur skeleton (D:5)
  An orc priest (D:4)
  2 orc wizards
  A worker ant (D:4)
  2 iguanas
  6 gnolls
  A howler monkey skeleton (D:4)
  7 adders
  3 oozes
  7 worms
  5 dart slugs
  5 leopard geckos
  14 orcs
  6 bats
  2 giant cockroaches (D:2)
  9 hobgoblins
  3 jackals (D:1)
  8 kobolds
  4 quokkas
  2 ball pythons (D:2)
  4 frilled lizards
  9 goblins
  14 rats
127 creatures vanquished.

Notes
Turn   | Place    | Note
-------+----------+-------------------------------------------
     0 | D:1      | kae the Tengu Fire Elementalist began the quest for the Orb.
     0 | D:1      | Reached XP level 1. HP: 10/10 MP: 4/4
   366 | D:1      | Reached XP level 2. HP: 15/15 MP: 3/6
   774 | D:1      | Reached XP level 3. HP: 13/19 MP: 1/7
  1580 | D:2      | Reached XP level 4. HP: 24/24 MP: 4/8
  1758 | D:2      | Found a shattered altar of Ashenzari.
  2283 | D:3      | Learned a level 2 spell: Throw Flame
  2287 | D:3      | Learned a level 3 spell: Conjure Flame
  2434 | D:3      | Gained mutation: You can fly. [Tengu growth]
  2434 | D:3      | Reached XP level 5. HP: 22/28 MP: 6/9
  2621 | D:3      | Found a shimmering altar of Xom.
  2622 | D:3      | Found a shimmering altar of Xom.
  2623 | D:3      | Found a shimmering altar of Xom.
  2624 | D:3      | Found a shimmering altar of Xom.
  2711 | D:3      | Reached skill level 5 in Fire Magic
  3860 | D:4      | Reached XP level 6. HP: 32/32 MP: 5/11
  3942 | D:4      | Reached skill level 5 in Conjurations
  4318 | D:4      | Learned a level 4 spell: Sticky Flame
  4333 | D:4      | Noticed a phantom
  4497 | D:4      | Killed a phantom
  4497 | D:4      | Reached XP level 7. HP: 15/36 MP: 2/12
  5073 | D:5      | Entered Level 5 of the Dungeon
  5617 | D:5      | Found a sacrificial altar of Ru.
  5637 | D:5      | Found a shattered altar of Ashenzari.
  5936 | D:6      | Reached XP level 8. HP: 41/41 MP: 7/14
  5968 | D:6      | Gained mutation: You have an increased reservoir of magic. (+10% MP) [potion of beneficial mutation]
  6183 | D:6      | Noticed kroki's ghost (novice DgEE)
  6216 | D:6      | Slain by kroki's ghost

Skill      XL: |  1  2  3  4  5  6  7  8 |
---------------+-------------------------+-----
Conjurations   | 2 3 4 6 7 |  7.8
Fire Magic     | 4 5 6 7 |  7.4
Spellcasting   | 3 4 |  4.0
Dodging        | |  2.1
Stealth        | |  2.0

Action                   |  1- 3 |  4- 6 |  7- 9 || total
-------------------------+-------+-------+-------++-------
Melee: Unarmed           |    14 |       |       ||    14
       Kick              |     3 |     1 |       ||     4
       Whip              |     7 |     6 |     2 ||    15
 Cast: Flame Tongue      |    61 |   158 |    68 ||   287
       Throw Flame       |       |     4 |    15 ||    19
       Conjure Flame     |       |     1 |     2 ||     3
       Sticky Flame      |       |       |     6 ||     6
  Use: Scroll            |       |     7 |     7 ||    14
       Potion            |       |       |     1 ||     1
  Eat: Chunk             |     3 |    10 |     5 ||    18
       Royal jelly       |       |       |     1 ||     1
Armor: Robe              |     9 |     6 |     5 ||    20
Dodge: Dodged            |    38 |    45 |    28 ||   111
